 Dungeon Crawl Stone Soup version 0.16.1-18-g436b03c (webtiles) character file.

1692 Mellonil the Skirmisher (level 9, -1/64 HPs)
             Began as an Octopode Fighter on May 11, 2015.
             Slain by an ice beast (5 damage)
             ... on level 7 of the Dungeon.
             The game lasted 00:40:12 (7440 turns).

Mellonil the Skirmisher (Octopode Fighter)          Turns: 7440, Time: 00:40:13

Health: -1/64      AC:  2    Str: 19    XL:     9   Next: 2%
Magic:  9/9        EV: 12    Int: 10    God:
Gold:   110        SH: 12    Dex: 13    Spells: 0 memorised, 8 levels left

rFire  . . .     SeeInvis .     a - +0 long sword
rCold  . . .     Clarity  .     c - +2 shield
rNeg   . . .     SustAb   .     (helmet restricted)
rPois  .         Gourm    .     (no amulet)
rElec  .         Spirit   .     g - +1 ring of protection
rCorr  .         Warding  .     j - +2 ring of dexterity
rMut   .         Stasis   .     (no ring)
MR     .....                    (no ring)
Stlth  ++........               (no ring)
                                (no ring)
                                (no ring)
                                (no ring)

@: not resistant to hostile enchantments, unstealthy
A: almost no armour, amphibious, 8 rings, constrict 8, camouflage 1, gelatinous
body 1
a: no special abilities


You were on level 7 of the Dungeon.
You were not hungry.

You visited 2 branches of the dungeon, and saw 8 of its levels.

You collected 364 gold pieces.
You spent 254 gold pieces at shops.

Inventory:

Hand weapons
 a - a +0 long sword (weapon)
 i - a +0 rapier of venom
Missiles
 b - 38 stones (quivered)
Armour
 c - a +2 shield (worn)
Jewellery
 g - a +1 ring of protection (left tentacle)
 j - a +2 ring of dexterity (right tentacle)
Magical devices
 e - a wand of slowing (33)
 s - a wand of disintegration (6)
Scrolls
 m - a scroll of remove curse
 p - a scroll of fear
 q - 2 scrolls of fog
 r - 5 scrolls of identify
Potions
 f - a potion of invisibility {unknown}
 o - a potion of magic {unknown}
 t - a potion of flight {unknown}
 v - a potion of poison {unknown}
Comestibles
 d - 2 bread rations
 h - 2 fruits
 k - 2 meat rations
 l - 2 beef jerkies
 n - a royal jelly
 w - a chunk of flesh


   Skills:
 * Level 7.2 Fighting
 * Level 6.6 Long Blades
 + Level 5.2 Dodging
 + Level 5.5 Shields


You had 8 spell levels left.
You didn't know any spells.

Dungeon Overview and Level Annotations

Branches:
Dungeon (7/15)             Temple (1/1) D:4

Altars:
Ashenzari
Cheibriados
Elyvilon
Gozag
Makhleb
Nemelex Xobeh
Qazlal
Ru
Trog
Vehumet
Xom
Zin
The Shining One

Shops:
D:6 ?

Annotations:
D:3 Grinder


Innate Abilities, Weirdness & Mutations

You cannot wear most types of armour.
You are amphibious.
You can wear up to eight rings at the same time.
You can use your tentacles to constrict many enemies at once.
Your skin changes colour to match your surroundings (Stealth).
Your rubbery body absorbs attacks (AC +1).


Message History

The ice beast barely misses you.
You hit the ice beast. You squeeze the ice beast.
The ice beast is heavily wounded.
You block the ice beast's attack.
You barely miss the ice beast.
The ice beast is heavily wounded.
The ice beast hits you but does no damage.
You barely miss the ice beast.
The ice beast is heavily wounded.
The ice beast closely misses you.
Your shield prevents you from hitting the ice beast.
You squeeze the ice beast!
The ice beast is almost dead.
You block the ice beast's attack.
You closely miss the ice beast. You squeeze the ice beast.
The ice beast is almost dead.
The ice beast hits you.
* * * LOW HITPOINT WARNING * * *
The ice beast freezes you.
You die...

........'...#'#+#..###.####)..#.#
........#...#...#... #..)........
........#...#...#.##.######.#####
........#)....#.#.# . #......
......#.#....##<#.# # ###.#####
.... . .#.......#.##.# #........
... #.##..#......# #.#......
.#.........#######.#######
#........Y@.# #.รท........
##......##.#####'#........
#......##.#.......#######
#......##.#.........#
##......##'#.......#.#
#...................#.#
......#............# #
......#..........#.#
.........#'##....#.#


You could see an ice beast.

Vanquished Creatures
  Eustachio (D:3)
  The ghost of EmilioHeskey the Shield-Bearer, an average FoFi (D:4)
  A phantom (D:4)
  2 ogres (D:7)
  A crocodile (D:7)
  A giant frog (D:7)
  Blork the orc (D:4)
  5 wights (D:6)
  4 crimson imps
  A jelly (D:5)
  2 orc priests (D:5)
  A giant frog skeleton (D:6)
  2 iguanas
  5 orc wizards
  A gnoll shaman (D:7)
  2 worker ants
  Ijyb (D:3)
  A worker ant zombie (D:6)
  5 gnolls (D:7)
  4 adders
  5 worms
  29 orcs
  A bat skeleton (D:4)
  2 giant cockroaches
  6 hobgoblins
  5 kobolds
  A quokka (D:1)
  3 ball pythons
  8 bats
  A giant cockroach zombie (D:6)
  6 giant newts
  19 goblins
  7 jackals
  A jackal skeleton (D:3)
  A jackal zombie (D:6)
  11 rats
148 creatures vanquished.

Notes
Turn   | Place    | Note
--------------------------------------------------------------
     0 | D:1      | Mellonil, the Octopode Fighter, began the quest for the Orb.
     0 | D:1      | Reached XP level 1. HP: 16/16 MP: 1/1
   226 | D:1      | Reached XP level 2. HP: 21/21 MP: 2/2
   878 | D:2      | Reached XP level 3. HP: 24/26 MP: 3/3
  1474 | D:3      | Noticed Ijyb
  1537 | D:3      | Killed Ijyb
  1537 | D:3      | Reached XP level 4. HP: 31/31 MP: 4/4
  2313 | D:3      | Noticed Grinder
  2355 | D:3      | Reached XP level 5. HP: 37/37 MP: 5/5
  2750 | D:4      | Noticed EmilioHeskey's ghost (average FoFi)
  2857 | D:4      | Found a staircase to the Ecumenical Temple.
  2873 | Temple   | Entered the Ecumenical Temple
  3014 | D:4      | Noticed Eustachio
  3110 | D:5      | Entered Level 5 of the Dungeon
  3140 | D:5      | Reached skill level 4 in Fighting
  3507 | D:5      | Found a shimmering altar of Xom.
  3727 | D:4      | Reached XP level 6. HP: 15/44 MP: 6/6
  4001 | D:3      | Killed Eustachio
  4426 | D:4      | Killed EmilioHeskey's ghost
  4426 | D:4      | Reached skill level 5 in Fighting
  4426 | D:4      | Reached XP level 7. HP: 27/50 MP: 7/7
  4479 | D:4      | Noticed Blork the orc
  4485 | D:4      | Killed Blork the orc
  4695 | D:4      | Noticed a phantom
  4738 | D:4      | Killed a phantom
  5016 | D:4      | Reached skill level 5 in Long Blades
  5964 | D:6      | Found Miani's Magic Scroll Shoppe.
  5969 | D:6      | Reached XP level 8. HP: 57/57 MP: 8/8
  5976 | D:6      | Bought a scroll of fear for 52 gold pieces
  5976 | D:6      | Bought a scroll of identify for 30 gold pieces
  5976 | D:6      | Bought a scroll of identify for 30 gold pieces
  5976 | D:6      | Bought a scroll of identify for 30 gold pieces
  5976 | D:6      | Bought a scroll of enchant armour for 112 gold pieces
  6067 | D:6      | Reached skill level 5 in Shields
  6172 | D:6      | Reached skill level 6 in Fighting
  6442 | D:6      | Noticed a hill giant
  6543 | D:7      | Reached skill level 5 in Dodging
  6813 | D:7      | Reached skill level 7 in Fighting
  7325 | D:7      | Reached XP level 9. HP: 62/64 MP: 9/9
  7440 | D:7      | Slain by an ice beast

Action                   |  1- 3 |  4- 6 |  7- 9 || total
-------------------------+-------+-------+-------++-------
Melee: Long sword        |    64 |   123 |   179 ||   366
       Rapier            |       |       |     8 ||     8
Throw: Stone             |     3 |     4 |     7 ||    14
  Use: Scroll            |       |     7 |     6 ||    13
       Potion            |       |     4 |       ||     4
 Stab: Sleeping          |     3 |     2 |     4 ||     9
       Distracted        |       |       |     1 ||     1
  Eat: Chunk             |     2 |     6 |     8 ||    16
       Beef jerky        |       |     1 |     1 ||     2
       Pizza             |       |     1 |       ||     1
